 Dungeon Crawl Stone Soup version 0.29.0-11-gd7f09526c8 (webtiles) character file.

Game seed: 7379171849408370231

7637 DuloT34 the Fighter (level 11, -5/90 HPs)
             Began as a Human Necromancer on Sept 5, 2022.
             Was a Priest of Okawaru.
             Slain by a seven-headed hydra (13 damage)
             ... on level 1 of the Lair of Beasts.
             The game lasted 00:31:46 (10277 turns).

DuloT34 the Fighter (Human Necromancer)            Turns: 10277, Time: 00:31:47

Health: -5/90      AC:  9    Str:  8    XL:     11   Next: 40%
Magic:  13/17      EV: 19    Int: 29    God:    Okawaru [***...]
Gold:   404        SH:  0    Dex: 16    Spells: 5/18 levels left

rFire   . . .      SeeInvis .   l - +10 longbow of the Lonely Coins {vorpal, Contam rC+ Int+8}
rCold   + . .      Faith    .   (shield currently unavailable)
rNeg    . . .      Spirit   .   I - +2 troll leather armour of Wauqost {Regen+ Int+3}
rPois   .          Reflect  .   (no helmet)
rElec   .          Harm     .   A - +0 cloak
rCorr   .          Rampage  .   (no gloves)
Will    .....                   h - +0 pair of boots
Stlth   +++.......              n - amulet of regeneration
HPRegen 1.85/turn               w - ring of flight
MPRegen 0.15/turn               (no ring)

@: heroic, on blink cooldown, flying
A: no striking features
a: Renounce Religion, Heroism


You were on level 1 of the Lair of Beasts.
You worshipped Okawaru.
Okawaru was most pleased with you.
You visited 3 branches of the dungeon, and saw 11 of its levels.
You also visited: Bailey.

You collected 784 gold pieces.
You spent 380 gold pieces at shops.

Inventory:

Hand Weapons
 e - a +0 dagger
 l - the +10 longbow of the Lonely Coins (weapon) {vorpal, Contam rC+ Int+8}
   (You acquired it on level 4 of the Dungeon)

   Any ammunition fired from it inflicts extra damage upon your enemies.
   Int:       It affects your intelligence (+8).
   rC:        It protects you from cold.
   Contam:    It causes magical contamination when unequipped.
Missiles
 d - 10 atropa-tipped darts
 s - 8 javelins
Armour
 h - a +0 pair of boots (worn)
 A - a +0 cloak (worn)
 H - +1 ice dragon scales
 I - the +2 troll leather armour of Wauqost (worn) {Regen+ Int+3}
   (You bought it in a shop on level 2 of the Dungeon)

   Int:       It affects your intelligence (+3).
   Regen:     It increases your rate of health regeneration.
Jewellery
 n - an amulet of regeneration (around neck)
 o - an amulet of magic regeneration
 w - a ring of flight (left hand)
Wands
 i - a wand of mindburst (17)
 E - a wand of digging (3)
 F - a wand of quicksilver (7)
Scrolls
 a - a scroll of silence {unknown}
 f - 2 scrolls of teleportation
 g - a scroll of blinking
 m - a scroll of fog
 C - a scroll of poison
Potions
 b - 2 potions of magic
 c - 2 potions of mutation
 j - a potion of haste {unknown}
 k - a potion of attraction
 p - a potion of curing
 q - a potion of cancellation {unknown}
 t - a potion of brilliance {unknown}
 u - a potion of invisibility
 v - 4 potions of lignification
 D - a potion of berserk rage {unknown}
 J - 2 potions of resistance {unknown}
Miscellaneous
 z - a condenser vane


   Skills:
 + Level 9.8(14.8) Fighting
 + Level 9.3(14.3) Ranged Weapons
 + Level 2.2(7.2) Armour
 - Level 8.7(13.7) Dodging
 - Level 2.0(7.0) Stealth
 - Level 4.3 Spellcasting
 - Level 5.0 Necromancy


You had 5 spell levels left.
You knew the following spells:

 Your Spells              Type           Power      Damage    Failure   Level
a - Necrotise             Necr           100%       1d9       1%          1
b - Blink                 Tloc           12%        N/A       14%         2
c - Vampiric Draining     Necr           35%        2d8       3%          3
d - Animate Dead          Necr           35%        N/A       12%         4
e - Mephitic Cloud        Conj/Pois/Air  6%         N/A       26%         3

Your spell library contained the following spells:

 Spells                   Type           Power      Damage    Failure   Level
 Magic Dart               Conj           24%        1d4       9%          1
 Lesser Beckoning         Tloc           6%         N/A       26%         3
 Agony                    Necr           35%        N/A       32%         5
 Manifold Assault         Tloc           6%         N/A       94%         5
 Storm Form               Tmut/Air       3%         N/A       100%        7
 Call Imp                 Summ           Unusable   N/A       N/A         2

Dungeon Overview and Level Annotations

Branches:
Dungeon (9/15)             Temple (1/1) D:7            Lair (1/5) D:8
 Bailey (visited)
    Orc: D:9-12

Altars:
Ashenzari
Cheibriados
Dithmenos
Elyvilon
Fedhas
Hepliaklqana
Kikubaaqudgha
Makhleb
Nemelex Xobeh
Okawaru
Qazlal
Ru
Sif Muna
Trog
Uskayaw
Vehumet
Wu Jian
Xom
Yredelemnul
Zin
The Shining One

Shops:
D:2 *


Message History

The seven-headed hydra barely misses you.
The seven-headed hydra bites you.
There are no items here.
There are no items here.
Casting: Blink (safe; 14% risk of failure)
Confirm with . or Enter, or press ? or * to list all spells.
You blink.
Found a pair of boots.
The bullfrog hits you! The seven-headed hydra bites you! x2
* * * LOW HITPOINT WARNING * * *
The seven-headed hydra bites you but does no damage. x3
The seven-headed hydra bites you!
* * * LOW HITPOINT WARNING * * *
The seven-headed hydra closely misses you.
The bullfrog hits you.
* * * LOW HITPOINT WARNING * * *
It was a potion of heal wounds.
You feel much better.
The seven-headed hydra misses you. x2; The seven-headed hydra bites you.
* * * LOW HITPOINT WARNING * * *
The seven-headed hydra bites you but does no damage.
The seven-headed hydra bites you!
* * * LOW HITPOINT WARNING * * *
The seven-headed hydra bites you.
* * * LOW HITPOINT WARNING * * *
The seven-headed hydra bites you.
* * * LOW HITPOINT WARNING * * *
The bullfrog closely misses you.
The water moccasin bites you but does no damage.
You feel much better. The bullfrog closely misses you.
The water moccasin bites you but does no damage.
The seven-headed hydra bites you.
* * * LOW HITPOINT WARNING * * *
The seven-headed hydra bites you but does no damage.
The seven-headed hydra bites you!
* * * LOW HITPOINT WARNING * * *
The seven-headed hydra bites you.
* * * LOW HITPOINT WARNING * * *
The seven-headed hydra bites you.
* * * LOW HITPOINT WARNING * * *
The seven-headed hydra misses you. The seven-headed hydra bites you!
You die...

,,,**,,**,,,*,*,,,*,,,,,#...#....
*,,,,,***..,*****########...###..
*,,,*,,*,..P* #......#...# #..
*,,,,,,*,...##* ##........####..
**,,**,,,*#...#* #......##..##...
*,***,,***....#*##..####..###...
*,,,*,,,**#....###.[..###.......
*,,,*,,,,,***#SF...##..##..##...
*,,,*,,,,,* *#.@D.###......##...
**,**,,,,,* #P...##*#...........
**,*,,,**** ###P.#,##..>........
*,,,,*,* ****#...,.............
*,,,,,,** *,,,##.###............
*,,,,,,,*##......P*P............
**#......##...........#..........
*,#....#.##........[..#...#......
,,#....#.............##.###......


You could see a seven-headed hydra, a water moccasin and a bullfrog.

Vanquished Creatures
  A hydra (Lair:1)
  An orc knight (Bailey)
  A manticore (D:8)
  A torpor snail (Lair:1)
  A cane toad (Lair:1)
  A tengu conjurer (D:8)
  A troll (D:8)
  A hornet (D:8)
  8 yaks
  A steam dragon (D:8)
  2 water moccasins (Lair:1)
  A sky beast (D:7)
  2 black bears
  5 orc warriors
  A centaur (D:7)
  2 ogres
  2 phantoms (D:5)
  2 necrophages
  3 bullfrogs
  4 kobold brigands
  2 scorpions
  5 wights (D:7)
  A killer bee (D:8)
  3 electric eels (D:8)
  A howler monkey (D:5)
  A gnoll bouda (D:6)
  7 orc priests
  6 hounds (D:8)
  An iguana (D:5)
  4 orc wizards
  8 adders
  8 gnolls
  A white imp (D:7)
  2 ufetubi
  A worm (D:4)
  2 dart slugs (D:2)
  24 orcs
  A ball python (D:1)
  6 bats
  4 endoplasms
  A giant cockroach (D:2)
  11 goblins
  3 hobgoblins
  2 jackals (D:3)
  12 kobolds
  2 quokkas (D:3)
  4 frilled lizards
  4 rats
168 creatures vanquished.

Vanquished Creatures (collateral kills)
  An orc warrior (Bailey)
  5 kobold brigands (Bailey)
  2 ball pythons
  A rat (D:3)
9 creatures vanquished.

Vanquished Creatures (others)
  2 kobold zombies (Bailey)
2 creatures vanquished.

Grand Total: 179 creatures vanquished

Notes
Turn   | Place    | Note
-------+----------+-------------------------------------------
     0 | D:1      | DuloT34 the Human Necromancer began the quest for the Orb.
     0 | D:1      | Reached XP level 1. HP: 13/13 MP: 3/3
   216 | D:1      | Reached XP level 2. HP: 19/20 MP: 1/5
   287 | D:1      | Found a faded altar of an unknown god.
   397 | D:1      | Learned a level 2 spell: Blink
   885 | D:1      | Reached skill level 1 in Fighting
   912 | D:2      | Found Rywo's Assorted Antiques.
  1004 | D:2      | Reached XP level 3. HP: 26/26 MP: 0/6
  1847 | D:3      | Reached XP level 4. HP: 17/33 MP: 4/8
  2372 | D:3      | Noticed a scorpion
  2379 | D:3      | Killed a scorpion
  2380 | D:3      | Reached XP level 5. HP: 25/39 MP: 2/9
  2956 | D:4      | Noticed a black bear
  3196 | D:4      | Identified a scroll of acquirement
  3196 | D:4      | Acquired the +10 longbow of the Lonely Coins {vorpal,
                  | Contam rC+ Int+8}
  3317 | D:4      | Reached skill level 5 in Necromancy
  3543 | D:4      | Reached skill level 1 in Ranged Weapons
  3543 | D:4      | Reached XP level 6. HP: 37/47 MP: 11/11
  3704 | D:3      | Killed a black bear
  3853 | D:4      | Reached XP level 7. HP: 52/52 MP: 13/13
  3999 | D:5      | Entered Level 5 of the Dungeon
  4295 | D:5      | Reached XP level 8. HP: 29/61 MP: 14/14
  5383 | D:6      | Reached skill level 5 in Fighting
  5585 | D:6      | Learned a level 3 spell: Vampiric Draining
  5590 | D:6      | Learned a level 4 spell: Animate Dead
  5789 | D:7      | Found a flagged portal.
  5811 | Bailey   | Entered a bailey
  6173 | Bailey   | Reached skill level 5 in Ranged Weapons
  6173 | Bailey   | Reached XP level 9. HP: 18/69 MP: 15/15
  6198 | Bailey   | Reached skill level 5 in Dodging
  6250 | Bailey   | Noticed an orc knight
  6410 | Bailey   | Learned a level 3 spell: Mephitic Cloud
  6436 | Bailey   | Killed an orc knight
  6471 | Bailey   | Found a burning altar of Makhleb.
  6888 | D:7      | Found a staircase to the Ecumenical Temple.
  6903 | Temple   | Entered the Ecumenical Temple
  7084 | Temple   | Became a worshipper of Warmaster Okawaru
  7216 | D:7      | Reached XP level 10. HP: 78/79 MP: 16/16
  7923 | D:8      | Found an ancient bone altar of Kikubaaqudgha.
  7926 | D:8      | Found a burning altar of Makhleb.
  7926 | D:8      | Found a shimmering altar of Xom.
  7928 | D:8      | Found a basalt altar of Yredelemnul.
  7928 | D:8      | Found a broken altar of Ashenzari.
  7928 | D:8      | Found a stormy altar of Qazlal.
  8391 | D:8      | Paralysed by a hornet for 3 turns
  8596 | D:8      | Reached * piety under Okawaru
  8619 | D:8      | Noticed a manticore
  8623 | D:8      | Killed a manticore
  8777 | D:8      | Reached ** piety under Okawaru
  8918 | D:8      | Reached XP level 11. HP: 89/89 MP: 17/17
  9022 | D:8      | Found a staircase to the Lair.
  9515 | Lair:1   | Entered Level 1 of the Lair of Beasts
  9515 | Lair:1   | Noticed a seven-headed hydra
  9519 | Lair:1   | Killed a seven-headed hydra
  9519 | Lair:1   | Reached *** piety under Okawaru
  9669 | D:2      | Bought a ruby-encrusted troll leather armour for 380 gold
                  | pieces
  9669 | D:2      | Identified the +2 troll leather armour of Wauqost {Regen+
                  | Int+3} (You bought it in a shop on level 2 of the Dungeon)
  9851 | Lair:1   | Reached skill level 1 in Armour
  9972 | Lair:1   | Found a basalt altar of Yredelemnul.
 10268 | Lair:1   | Noticed a seven-headed hydra
 10277 | Lair:1   | Slain by a seven-headed hydra

Illustrated notes

Levels and vault maps discovered:
D:1:      grunt_arrival_crossed_arrows, layout_basic,
          shapermc_ecumenical_altar_mp_highgroup, serial_bayou_pond_e
D:2:      layout_rooms, serial_shops, nicolae_shop_overgrown_old_shop
D:3:      layout_loops_ring, minmay_quadrilaterals
D:4:      layout_gridville, serial_rivers, chequers_serial_rivers_room_a,
          chequers_serial_rivers_micro_d, chequers_serial_rivers_micro_a,
          chequers_serial_rivers_micro_d, chequers_serial_rivers_small_3,
          chequers_serial_rivers_small_3
D:5:      layout_basic, portal_sewer_entry_e
D:6:      layout_basic
D:7:      layout_loops_ring, minmay_temple_entry_waves, enter_bailey_3
D:8:      nzn_winding_woodlands_small [nzn_winding_woodlands_5x15_default,
          nzn_winding_woodlands_center_diamonds,
          nzn_winding_woodlands_5x15_jagged], layout_basic, doesnt_xom_only_xom,
          erik_lair_island, serial_rivers, chequers_serial_rivers_micro_d,
          chequers_serial_rivers_room_a, chequers_serial_rivers_micro_b,
          chequers_serial_rivers_small_b, chequers_serial_rivers_small_a,
          chequers_serial_rivers_small_a
D:9:      layout_rooms, nzn_sisyphean_effort
Temple:   nicolae_temple_bog_church
Lair:1:   layout_misc_corridors, basic_altar, special_room [special_room_bee],
          dreamdust_mushroom_princess

Skill      XL: |  1  2  3  4  5  6  7  8  9 10 11 |
---------------+----------------------------------+-----
Fighting       | 1 2 3 4 5 7 9 |  9.8
Spellcasting   | 3 4 |  4.3
Necromancy     | 5 |  5.0
Ranged Weapons | 1 2 3 5 6 8 9 |  9.3
Dodging        | 4 6 8 |  8.7
Armour         | 2 |  2.2
Stealth        | |  2.0

Action                   |  1- 3 |  4- 6 |  7- 9 | 10-12 || total
-------------------------+-------+-------+-------+-------++-------
Melee: Unarmed           |     5 |       |       |       ||     5
       Dagger            |    18 |       |       |       ||    18
 Fire: Longbow           |       |    23 |   156 |   204 ||   383
Throw: Dart              |     1 |     2 |       |       ||     3
 Cast: Necrotise         |    54 |    34 |       |       ||    88
       Blink             |       |     2 |     1 |     2 ||     5
       Animate Dead      |       |       |     1 |       ||     1
       Mephitic Cloud    |       |       |     3 |       ||     3
Invok: Heroism           |       |       |       |     3 ||     3
  Use: Scroll            |     3 |     2 |     8 |     6 ||    19
       Potion            |       |       |     1 |     5 ||     6
 Stab: Sleeping          |     1 |       |       |       ||     1
Armor: Robe              |     8 |     7 |    15 |    10 ||    40
       Skin              |       |       |       |     7 ||     7
       Troll leather arm |       |       |       |    17 ||    17
Dodge: Dodged            |    31 |    17 |    64 |    64 ||   176
